Construct Section Command Post
Construct Field Infirmary
Selects Indian Artillery Battlegroup
Selects Gurkha Rifles Section
Construct Platoon Command Post
6-pounder Anti-tank Gun Team
Construct Company Command Post
Selects Towed ML 4.2-inch Heavy Mortar
Towed ML 4.2-inch Heavy Mortar
6-pounder Anti-tank Gun Team
Selects Volunteer Infantry
Unlock M3 Grant Medium Tanks
Selects Off-map Airburst Barrage
Selects Perimeter Monitor